Map: Crête de Lerilak

Players

Change

  • Race: Zerg Zerg
  • League: Diamond

Worming - Winner!

  • Race: Zerg Zerg
  • League: Diamond

VOD

Have the link to the VOD?

Description

Time

  • Played on: Jan. 3, 2016, 7:25 a.m.
  • Length: 4:18
Show
View Real Time Build Order
Export as new Build Order

Change Zerg 

Build Orders: Pool First 

Get SALT Encoding   

  12  0:02  Drone  
  13  0:12  Overlord  
  13  0:21  Drone  
  14  0:32  Drone x2  
  16  0:35  Drone  
  17  0:48  Spawning Pool  
  16  0:59  Drone  
  16  1:03  Drone  
  18  1:17  Hatchery  
  17  1:24  Drone  
  18  1:27  Extractor  
  17  1:39  Queen  
  19  1:42  Drone x2  
  19  1:45  Overlord  
  21  2:02  Zergling x2  
  22  2:11  Zergling x2  
  22  2:14  Drone  
  24  2:18  Queen  
  26  2:30  Zergling x4  
  26  2:31  Metabolic Boost  
  27  2:42  Queen  
  29  2:45  Drone  
  29  2:46  Overlord  
  30  2:52  Baneling Nest, Drone  
  30  3:06  Drone  
  30  3:07  Drone x2  
  32  3:13  Zergling x2  
  33  3:30  Spine Crawler  
  32  3:37  Baneling  
  32  3:38  Baneling x3  
  17  3:59  Zergling x2  
  17  4:00  Zergling x4  
Show
View Real Time Build Order
Export as new Build Order

Worming Zerg - Winner!

Build Orders: Pool First 

Get SALT Encoding   

  12  0:01  Drone  
  13  0:12  Overlord  
  13  0:20  Drone  
  14  0:30  Drone x2  
  17  0:35  Drone  
  17  0:45  Spawning Pool  
  17  0:48  Drone  
  17  0:58  Drone, Extractor  
  17  1:17  Drone  
  18  1:23  Overlord  
  18  1:35  Hatchery  
  18  1:39  Drone  
  18  1:43  Queen  
  18  1:44  Zergling x2  
  21  1:50  Zergling x2  
  22  2:05  Metabolic Boost  
  22  2:09  Zergling x2  
  23  2:21  Overlord  
  23  2:32  Baneling Nest  
  22  2:40  Zergling x4  
  24  2:48  Queen  
  26  2:55  Drone  
  26  2:56  Zergling x8  
  31  3:06  Overlord  
  31  3:17  Baneling  
  31  3:18  Baneling x5  
  31  3:27  Zergling x8  
  31  3:28  Zergling x2  
  32  3:57  Zergling x16  
  32  3:58  Zergling x4  
Tags
 
Add a new tag
Caveats
  • Supply blocks, unpowered buildings, or Contaminate may cause inaccurate times.
  • Supply counts are checked every 10 seconds.